 Dungeon Crawl Stone Soup version 0.26-a0-259-g1effd001a9 (webtiles) character file.

Game seed: 15082347507438500138

2790 gruber the Chiller (level 9, 0/68 HPs)
             Began as a Demonspawn Ice Elementalist on July 26, 2020.
             Was a Believer of Qazlal.
             Succumbed to a kobold's poison
             ... on level 7 of the Dungeon.
             The game lasted 00:17:05 (9052 turns).

gruber the Chiller (Demonspawn Ice Elementalist)    Turns: 9052, Time: 00:17:06

Health: 0/68       AC:  7    Str:  8    XL:     9   Next: 43%
Magic:  0/14       EV: 12    Int: 20    God:    Qazlal [**....]
Gold:   292        SH:  8    Dex: 14    Spells: 3/15 levels left

rFire    . . .     SeeInvis .   e - +3 short sword
rCold    . . .     Faith    .   u - +0 buckler
rNeg     . . .     Spirit   +   a - +0 robe
rPois    .         Reflect  .   (helmet restricted)
rElec    .         Harm     .   h - +0 cloak
rCorr    .                      (no gloves)
MR       .....                  (no boots)
Stlth    ++........             (no amulet)
HPRegen  0.21/turn              (no ring)
MPRegen  0.14/turn              (no ring)

@: lethally poisoned (0 -> -1), frozen ramparts, invisible
A: horns 1, iridescent scales 2, foul stench 1, magic shield, rot immunity
a: Upheaval, Renounce Religion


You were on level 7 of the Dungeon.
You worshipped Qazlal.
Qazlal was pleased with you.
You were not hungry.

You visited 2 branches of the dungeon, and saw 8 of its levels.

You collected 292 gold pieces.

Inventory:

Hand Weapons
 e - a +3 short sword (weapon)
Missiles
 j - 21 poisoned darts (quivered)
Armour
 a - a +0 robe (worn)
 h - a +0 cloak (worn)
 q - a +1 chain mail of poison resistance
 u - a +0 buckler (worn)
Jewellery
 f - a cursed ring of teleportation {unknown}
Wands
 r - a wand of enslavement (11)
 v - a wand of polymorph (8)
 w - a wand of disintegration (10)
Scrolls
 b - 3 scrolls of teleportation {unknown}
 i - 2 scrolls of magic mapping {unknown}
 k - 5 scrolls of remove curse {unknown}
 m - a scroll of noise {unknown}
 n - 4 scrolls of identify {unknown}
 o - a scroll of amnesia {unknown}
 x - a scroll of torment {unknown}
 y - a scroll of blinking {unknown}
Potions
 d - 3 potions of brilliance {unknown}
 g - 3 potions of invisibility
 l - a potion of flight {unknown}
 p - a potion of magic {unknown}
 s - 3 potions of ambrosia {unknown}
 t - 2 potions of curing {unknown}
 z - a potion of heal wounds {unknown}
Comestibles
 c - 14 rations


   Skills:
 - Level 5.4 Fighting
 - Level 1.7 Dodging
 - Level 1.7 Stealth
 - Level 6.0 Shields
 * Level 3.9 Spellcasting
 - Level 5.0 Conjurations
 - Level 7.0 Ice Magic
 - Level 2.2 Invocations
 - Level 1.6 Evocations


You had 3 spell levels left.
You knew the following spells:

 Your Spells              Type           Power        Failure   Level
a - Freeze                Ice            ####         1%          1
b - Frozen Ramparts       Ice            ####..       2%          3
c - Hailstorm             Conj/Ice       ####....     11%         4
d - Summon Ice Beast      Ice/Summ       ###.....     30%         4

Your spell library contained the following spells:

 Spells                   Type           Power        Failure   Level
 Ozocubu's Armour         Chrm/Ice       ###.....     9%          3


Dungeon Overview and Level Annotations

Branches:
Dungeon (7/15)             Temple (1/1) D:4

Altars:
Ashenzari
Cheibriados
Dithmenos
Elyvilon
Fedhas
Gozag
Hepliaklqana
Kikubaaqudgha
Makhleb
Nemelex Xobeh
Okawaru
Qazlal
Ru
Sif Muna
Trog
Uskayaw
Vehumet
Wu Jian
Xom
Yredelemnul
Zin
The Shining One

Annotations:
D:7 Joseph


Innate Abilities, Weirdness & Mutations

You have a pair of small horns on your head.
You are mostly covered in iridescent scales. (AC +4)
You may emit foul miasma when damaged in melee.
When hurt, damage is shared between your health and your magic reserves.
You are immune to rotting.


Message History

* * * LOW HITPOINT WARNING * * *
The silver sears you!
* * * LOW HITPOINT WARNING * * *
The weapon returns to the orc warrior!
Unknown command.
Unknown command.
The wall freezes Joseph.
Joseph unwields a +0 quarterstaff.
Joseph wields a +0 hunting sling.
Joseph shoots a sling bullet.
The sling bullet hits you!
* * * LOW HITPOINT WARNING * * *
The wall freezes the orc!
You kill the orc!
Qazlal accepts your kill.
You see here a sling bullet.
Unknown command.
You see here an orc corpse.
Unknown command.
It was a potion of invisibility.
You fade into invisibility!
You die...

##.# #.# #... #.# #...##
### #.# .....###.#
#.###### ......#..#
#..#...##
.........###+###.......#
......(....o@o.........#
....[)##(...(###(ยง......
....#([((....###@.......
....#.[.....))##........
...###[.......o.........
...###......o...........
..............#.........
..##
.....)........###.......
... ......<.......#
.....#. ...
..........%...#
....####..
...............# . # #.o#


There were no monsters in sight!

Vanquished Creatures
  A water moccasin (D:3)
  2 orc warriors (D:7)
  2 sky beasts
  4 ogres
  2 phantoms
  2 centaurs (D:6)
  A big kobold (D:7)
  A gnoll sergeant (D:5)
  4 bullfrogs
  A scorpion (D:5)
  A water moccasin skeleton (D:5)
  4 howler monkeys
  A centaur zombie (D:5)
  A quasit (D:6)
  4 orc wizards (D:7)
  2 jellies (D:5)
  2 orc priests (D:7)
  2 hounds
  Terence (D:3)
  Ijyb (D:5)
  5 iguanas
  7 worker ants
  A hound skeleton (D:4)
  2 worker ant zombies
  3 gnolls (D:5)
  10 adders
  2 shadow imps
  A white imp (D:6)
  7 leopard geckos
  28 orcs
  A ball python (D:6)
  7 giant cockroaches
  8 goblins
  5 hobgoblins
  3 jackals (D:3)
  5 quokkas
  8 bats
  2 frilled lizards
  15 kobolds
  A quokka zombie (D:5)
  5 rats
165 creatures vanquished.

Notes
Turn   | Place    | Note
-------+----------+-------------------------------------------
     0 | D:1      | gruber the Demonspawn Ice Elementalist began the quest for
                  | the Orb.
     0 | D:1      | Reached XP level 1. HP: 13/13 MP: 3/3
   236 | D:1      | Reached skill level 4 in Ice Magic
   378 | D:1      | Gained mutation: You are partially covered in iridescent
                  | scales. (AC +2) [demonic ancestry]
   378 | D:1      | Reached XP level 2. HP: 13/19 MP: 1/5
   815 | D:1      | You fall into a shaft and drop 1 floor!
  1105 | D:2      | Found a faded altar of an unknown god.
  1245 | D:2      | Reached XP level 3. HP: 21/24 MP: 2/6
  2223 | D:3      | Reached skill level 5 in Ice Magic
  2443 | D:3      | Gained mutation: You have a pair of small horns on your
                  | head. [demonic ancestry]
  2443 | D:3      | Reached XP level 4. HP: 30/30 MP: 7/7
  2568 | D:3      | Noticed Terence
  2579 | D:3      | Learned a level 3 spell: Frozen Ramparts
  2609 | D:3      | Killed Terence
  2963 | D:3      | Noticed a water moccasin
  2976 | D:3      | Killed a water moccasin
  2976 | D:3      | Reached skill level 6 in Ice Magic
  2976 | D:3      | Gained mutation: You are immune to rotting. [demonic
                  | ancestry]
  2976 | D:3      | Reached XP level 5. HP: 31/35 MP: 0/8
  3265 | D:3      | Noticed a sky beast
  3276 | D:3      | Killed a sky beast
  3276 | D:3      | Reached XP level 6. HP: 41/41 MP: 5/9
  3336 | D:3      | Reached skill level 7 in Ice Magic
  4080 | D:4      | Reached skill level 1 in Fighting
  4359 | D:4      | Gained mutation: You are mostly covered in iridescent
                  | scales. (AC +4) [demonic ancestry]
  4359 | D:4      | Reached XP level 7. HP: 49/52 MP: 10/10
  4530 | D:4      | Found a staircase to the Ecumenical Temple.
  4543 | D:4      | Found a basalt altar of Yredelemnul.
  4561 | Temple   | Entered the Ecumenical Temple
  4887 | Temple   | Became a worshipper of Qazlal Stormbringer
  5049 | D:5      | Entered Level 5 of the Dungeon
  5315 | D:5      | Noticed Ijyb
  5325 | D:5      | Killed Ijyb
  5833 | D:5      | Reached skill level 5 in Fighting
  5923 | D:5      | Reached skill level 1 in Invocations
  5971 | D:5      | Reached skill level 1 in Evocations
  5975 | D:5      | Reached * piety under Qazlal
  6027 | D:5      | Learned a level 4 spell: Hailstorm
  6096 | D:5      | Gained mutation: You may emit foul miasma when damaged in
                  | melee. [demonic ancestry]
  6096 | D:5      | Reached XP level 8. HP: 35/63 MP: 4/11
  6182 | D:5      | Reached skill level 1 in Conjurations
  6299 | D:5      | Reached skill level 1 in Shields
  7634 | D:6      | Reached skill level 5 in Shields
  8397 | D:7      | Gained mutation: When hurt, damage is shared between your
                  | health and your magic reserves. [demonic ancestry]
  8397 | D:7      | Reached XP level 9. HP: 59/68 MP: 8/12
  8443 | D:7      | Reached ** piety under Qazlal
  8753 | D:6      | Reached skill level 5 in Conjurations
  8839 | D:6      | Learned a level 4 spell: Summon Ice Beast
  9035 | D:7      | Noticed Joseph
  9050 | D:7      | HP: 1/68 [Joseph/sling bullet (13)]
  9052 | D:7      | Succumbed to a kobold's poison

Illustrated notes

Levels and vault maps discovered:
D:1:      lightli_arrival_statue_moat, layout_basic
D:2:      layout_loops_corners, chequers_ecumenical_altar_simple_redux
D:3:      layout_basic, uniq_terence
D:4:      layout_rooms, yredelemnul_altar_generic, minmay_temple_entry_hall,
          serial_curves, eino_curves_03, eino_curves_01, grunt_ministairs_9,
          hangedman_decor_lopped, serial_park_tiny_pond
D:5:      layout_basic, first_ration, uniq_ijyb
D:6:      layout_cave_pools
D:7:      layout_cave_pools, chequers_serial_rivers_room_b,
          minmay_misc_feat_doors, uniq_joseph
Temple:   regret_index_temple_sigil_plot

Skill      XL: |  1  2  3  4  5  6  7  8  9 |
---------------+----------------------------+-----
Ice Magic      | 4 5 6 7 |  7.0
Fighting       | 3 5 |  5.4
Invocations    | 2 |  2.2
Evocations     | 1 |  1.6
Conjurations   | 2 5 |  5.0
Shields        | 6 |  6.0
Spellcasting   | 3 |  3.9
Dodging        | |  1.7
Stealth        | |  1.7

Action                   |  1- 3 |  4- 6 |  7- 9 || total
-------------------------+-------+-------+-------++-------
Melee: Unarmed           |     9 |       |       ||     9
       Short sword       |    89 |   109 |   250 ||   448
       Headbutt          |       |    15 |    40 ||    55
Throw: Dart              |       |     2 |    10 ||    12
 Cast: Freeze            |    19 |     2 |    25 ||    46
       Frozen Ramparts   |       |    10 |    30 ||    40
       Hailstorm         |       |       |     2 ||     2
       Summon Ice Beast  |       |       |     1 ||     1
  Use: Potion            |       |       |     1 ||     1
 Stab: Sleeping          |     2 |     1 |     1 ||     4
  Eat: Ration            |     2 |     1 |     5 ||     8
Armor: Robe              |    38 |    39 |   100 ||   177
       Skin              |       |       |    20 ||    20
Dodge: Dodged            |    88 |    84 |   168 ||   340
Block: Buckler           |       |       |    74 ||    74

Table legend:
 A = Non-vault XP
 B = Vault XP
 C = Vault XP percentage of total XP
 D = Non-vault monster count
 E = Vault monster count
 F = Vault count percentage of total count
                 A         B        C        D         E       F
            +---------+---------+-------+---------+---------+-------
      Total |    3914 |      73 |   1.8 |     162 |       3 |   1.8
            +---------+---------+-------+---------+---------+-------
        D:1 |      29 |       0 |   0.0 |      18 |       0 |   0.0
        D:2 |      32 |       0 |   0.0 |       6 |       0 |   0.0
        D:3 |     436 |      36 |   7.6 |      36 |       1 |   2.7
        D:4 |     348 |       2 |   0.6 |      17 |       1 |   5.6
        D:5 |     717 |      35 |   4.7 |      24 |       1 |   4.0
        D:6 |    1177 |       0 |   0.0 |      22 |       0 |   0.0
        D:7 |    1175 |       0 |   0.0 |      39 |       0 |   0.0
            +---------+---------+-------+---------+---------+-------
